 Dungeon Crawl Stone Soup version 0.20.1-1-g8b1a95d (webtiles) character file.

31027 lysyklops the Carver (level 13, -1/106 HPs)
             Began as a Demonspawn Abyssal Knight on Nov 18, 2017.
             Was the Champion of Lugonu.
             Hit by a javelin thrown by a merfolk javelineer (6 damage)
             ... on level 4 of the Shoals on Nov 19, 2017.
             The game lasted 02:02:58 (16638 turns).

lysyklops the Carver (Demonspawn Abyssal Knight)   Turns: 16638, Time: 02:02:58

Health: -1/106     AC: 29    Str: 19    XL:     13   Next: 23%
Magic:  14/14      EV:  5    Int: 13    God:    Lugonu [******]
Gold:   705        SH: 22    Dex: 15    Spells: 12/12 levels left

rFire    . . .     SeeInvis .   P - +8 scimitar (distort)
rCold    . . .     Gourm    .   T - +2 large shield
rNeg     . . .     Faith    .   Q - +6 plate armour
rPois    .         Spirit   .   w - +0 helmet
rElec    .         Reflect  +   (no cloak)
rCorr    .         Harm     .   I - +0 pair of gloves
MR       .....                  j - +0 pair of boots
Stlth    ..........             J - +3 amulet of reflection
Regen    1.3/turn               S - +3 ring of strength
MPRegen  0.2/turn               h - +3 ring of protection

@: no status effects
A: claws 1, rugged brown scales 2, demonic guardian 2, powered by death 2
a: Depart the Abyss, Bend Space, Banish, Corrupt, Enter the Abyss, Renounce
Religion


You were on level 4 of the Shoals.
You worshipped Lugonu.
Lugonu was exalted by your worship.
You were hungry.

You visited 4 branches of the dungeon, and saw 17 of its levels.
You visited the Abyss 1 time.
You also visited: Ossuary.

You collected 800 gold pieces.
You spent 95 gold pieces at shops.

Inventory:

Hand Weapons
 P - a +8 scimitar of distortion (weapon)
Missiles
 e - 2 throwing nets (quivered)
Armour
 j - a +0 pair of boots (worn)
 w - a +0 helmet (worn)
 I - a +0 pair of gloves (worn)
 Q - a +6 plate armour (worn)
 T - a +2 large shield (worn)
Jewellery
 f - a +3 ring of dexterity
 h - a +3 ring of protection (right hand)
 i - an uncursed ring of positive energy
 q - an uncursed ring of magical power
 J - a +3 amulet of reflection (around neck)
 R - an uncursed ring of resist corrosion
 S - a +3 ring of strength (left hand)
 Z - an uncursed ring of flight
Wands
 a - a wand of enslavement (17/24)
 y - a wand of acid (0/15)
 F - a wand of lightning (0/15)
 V - a wand of digging (11/24)
 W - a wand of paralysis (11/24)
Scrolls
 g - a scroll of noise {unknown}
 n - a scroll of silence {unknown}
 o - a scroll of identify
 p - 2 scrolls of amnesia {unknown}
 r - 2 scrolls of blinking {unknown}
 s - 2 scrolls of immolation {unknown}
 x - a scroll of fog {unknown}
 B - 11 scrolls of teleportation
 E - 2 scrolls of random uselessness {unknown}
 L - 5 scrolls of remove curse
 O - a scroll of recharging {unknown}
 Y - 3 scrolls of magic mapping
Potions
 k - 3 potions of curing
 l - 6 potions of flight
 m - a potion of agility {unknown}
 t - a potion of magic {unknown}
 u - 3 potions of haste
 v - a potion of might {unknown}
 z - a potion of mutation {unknown}
 C - 3 potions of resistance {unknown}
 D - 3 potions of degeneration {unknown}
 G - 3 potions of ambrosia {unknown}
 K - a potion of berserk rage {unknown}
 N - a potion of lignification {unknown}
 X - a potion of cancellation {unknown}
Books
 b - a book of Party Tricks

   Spells                             Type                      Level
   a - Summon Butterflies             Summoning                    1
   b - Apportation                    Translocation                1
   c - Lesser Beckoning               Translocation                3
   d - Tukima's Dance                 Hexes                        3
   e - Alistair's Intoxication        Transmutation/Poison         5
   f - Invisibility                   Hexes                        6
Comestibles
 c - 7 bread rations
 d - 17 fruits
 A - 4 meat rations
 H - 9 royal jellies


   Skills:
 + Level 9.2 Fighting
 + Level 12.5 Long Blades
 + Level 10.0 Armour
 + Level 3.8 Dodging
 + Level 3.9 Stealth
 + Level 9.8 Shields
 + Level 2.5 Invocations
 + Level 1.1 Evocations


You had 12 spell levels left.
You didn't know any spells.

Dungeon Overview and Level Annotations

Branches:
Dungeon (10/15)            Temple (1/1) D:4            Lair (2/6) D:10
 Shoals (4/4) Lair:2
  Snake: Lair:2-4    Spider: Lair:2-4       Orc: D:9-12

Altars:
Ashenzari
Cheibriados
Dithmenos
Elyvilon
Fedhas
Gozag
Hepliaklqana
Kikubaaqudgha
Makhleb
Nemelex Xobeh
Okawaru
Qazlal
Ru
Sif Muna
Trog
Uskayaw
Vehumet
Xom
Yredelemnul
Zin
The Shining One

Shops:
D:7 }   Shoals:3 ?

Annotations:
Shoals:4 Ilsuiw


Innate Abilities, Weirdness & Mutations

You have sharp fingernails.
You are mostly covered in rugged brown scales. (AC +2, +5% HP)
A demonic guardian rushes to your aid.
You regenerate health from kills.


Message History

The merfolk aquamancer casts a spell at you.
The torrent of water passes through the water elemental.
The torrent of water hits you!
* * * LOW HITPOINT WARNING * * *
You are knocked back by the torrent of water.
You collide with your smoke demon!
* * * LOW HITPOINT WARNING * * *
The wave splashes down.
Splash!
You fall into the shallow water.
Moving in this stuff is going to be slow.
The merfolk siren chants a haunting song.
You resist.
You hear a shout! x4
The merfolk javelineer burns!
The water elemental hits your smoke demon!
Your smoke demon dies!
The merfolk javelineer throws a javelin.
The javelin hits you.
You die...

################
≈≈≈≈≈≈≈≈≈≈≈≈≈≈≈≈
≈≈≈≈≈≈≈≈≈≈≈≈≈≈≈≈
≈≈≈≈≈≈≈≈≈≈≈≈≈≈≈≈
≈≈≈≈≈≈≈≈≈≈≈≈≈≈≈≈
≈≈≈≈≈≈≈≈≈≈≈≈≈≈≈≈
≈≈≈≈≈≈)≈≈≈≈≈≈≈≈≈
≈≈≈≈≈P)E@m≈≈≈≈≈≈
≈≈≈≈≈§EE##≈≈≈≈≈≈
≈≈≈≈≈mm## ≈PP≈≈
$≈≈≈Pmm ≈≈≈≈
#≈≈≈≈≈≈


≈PP #≈≈m≈≈≈ ≈≈ ≈#≈≈≈≈≈ ≈ ≈≈##≈≈P ≈# #≈≈≈ You could see 2 merfolk javelineers, 2
merfolk aquamancers, 3 water elementals, a merfolk siren and a water nymph.

Vanquished Creatures
  A merfolk avatar (Shoals:2)
  A two-headed ogre (D:9)
  3 sea snakes (Shoals:2)
  2 harpies (Shoals:2)
  A faun (Shoals:1)
  3 manticores
  Joseph (Lair:1)
  A black mamba (Lair:1)
  3 merfolk sirens
  A water nymph (Shoals:3)
  Psyche (D:8)
  2 spiny frogs (Lair:2)
  A komodo dragon (Lair:2)
  A hornet (D:8)
  A blink frog (Lair:2)
  4 wind drakes
  6 merfolk
  2 snapping turtles
  2 dream sheep (Shoals:2)
  5 hippogriffs
  A water elemental (Shoals:1)
  7 yaks
  A hungry ghost (D:9)
  3 orc warriors
  2 ice beasts
  A hornet zombie (Ossuary)
  The ghost of Regeox the Chopper, an amateur HOBe of Trog (D:3)
  3 phantoms
  A necrophage (D:9)
  3 ogres
  11 wolves (Lair:2)
  7 centaurs
  3 crocodiles
  3 big kobolds
  3 bullfrogs
  A water moccasin zombie (D:8)
  3 scorpions
  13 killer bees
  2 howler monkeys
  A centaur zombie (D:7)
  A bullfrog zombie (D:7)
  4 crimson imps
  3 bullfrog skeletons
  A gnoll shaman (D:8)
  A jelly (D:9)
  2 orc priests (D:5)
  3 hounds
  2 centaur skeletons
  An iguana (D:7)
  5 orc wizards
  10 mummies (Ossuary)
  6 worker ants
  A killer bee zombie (Ossuary)
  A hound zombie (Ossuary)
  2 hound skeletons (D:6)
  4 worker ant zombies (Ossuary)
  A howler monkey zombie (Ossuary)
  7 gnolls
  A howler monkey skeleton (D:6)
  14 adders
  An ooze (D:3)
  2 adder skeletons
  6 adder zombies
  2 worms (D:2)
  A dart slug (D:5)
  3 leopard geckos
  25 orcs
  7 bats
  5 giant cockroaches
  8 goblins
  10 hobgoblins
  7 jackals
  14 kobolds
  6 quokkas
  2 ball pythons
  7 frilled lizards (D:2)
  A leopard gecko zombie (Ossuary)
  3 quokka zombies
  6 rats
  A rat zombie (D:5)
  A bush (Shoals:2)
  A plant (Shoals:2)
301 creatures vanquished.

Vanquished Creatures (collateral kills)
  Kirke (Shoals:1)
  5 merfolk impalers
  3 sea snakes
  The ghost of appiemonkey the Carver, a novice MiFi of the Shining One (D:7)
  A cyclops (Shoals:2)
  5 manticores
  A merfolk siren (Shoals:1)
  4 fauns
  A water nymph (Shoals:2)
  A spiny frog (Lair:2)
  A queen bee (D:8)
  2 blink frogs (Lair:2)
  5 merfolk
  A hippogriff (D:9)
  A snapping turtle (Shoals:1)
  A dream sheep (Shoals:2)
  Sigmund (D:6)
  A yak (Lair:2)
  A water elemental (Shoals:2)
  3 hogs (Shoals:1)
  An ice beast (D:8)
  2 ogres (D:7)
  A centaur (D:4)
  10 wolves (Lair:2)
  2 bullfrogs
  A scorpion (D:5)
  4 killer bees
  A howler monkey (D:7)
  A centaur zombie (Ossuary)
  A jelly (D:8)
  An orc priest (D:6)
  2 orc wizards
  A worker ant (D:6)
  A killer bee zombie (D:7)
  2 mummies (Ossuary)
  A howler monkey zombie (Ossuary)
  A gnoll (D:8)
  2 adders (D:2)
  7 orcs
  A jackal (D:2)
  3 kobolds
  A plant (Shoals:2)
87 creatures vanquished.

Vanquished Creatures (others)
  A kraken (Shoals:2)
  2 sea snakes
  A harpy (Shoals:2)
  A water nymph (Shoals:2)
  A yaktaur (Shoals:2)
  A merfolk (Shoals:2)
  A fungus (Lair:2)
  4 plants
  15 tentacles (Shoals:2)
  A withered plant (Ossuary)
28 creatures vanquished.

Grand Total: 416 creatures vanquished

Notes
Turn   | Place    | Note
-------+----------+-------------------------------------------
     0 | Abyss:1  | lysyklops the Demonspawn Abyssal Knight began the quest for the Orb.
     0 | Abyss:1  | Reached XP level 1. HP: 18/18 MP: 2/2
    46 | D:1      | Escaped the Abyss
   145 | D:1      | Reached skill level 1 in Dodging
   340 | D:1      | Reached skill level 2 in Long Blades
   340 | D:1      | Gained mutation: You regenerate a little health from kills. [demonic ancestry]
   340 | D:1      | Reached XP level 2. HP: 23/24 MP: 3/3
  1296 | D:2      | Gained mutation: You are partially covered in rugged brown scales. (AC +1, +3% HP) [demonic ancestry]
  1296 | D:2      | Reached XP level 3. HP: 24/29 MP: 4/4
  1355 | D:2      | Reached ** piety under Lugonu
  1474 | D:2      | Reached skill level 1 in Stealth
  1527 | D:2      | Gained mutation: A weak demonic guardian rushes to your aid. [demonic ancestry]
  1527 | D:2      | Reached XP level 4. HP: 38/38 MP: 5/5
  1561 | D:2      | Found a white marble altar of Elyvilon.
  1570 | D:2      | Found a glowing silver altar of Zin.
  1571 | D:2      | Found a glowing golden altar of the Shining One.
  1597 | D:2      | Found a bloodstained altar of Trog.
  1804 | D:2      | Reached skill level 3 in Long Blades
  2380 | D:3      | Reached XP level 5. HP: 43/43 MP: 6/6
  2433 | D:3      | Found a snail-covered altar of Cheibriados.
  2433 | D:3      | Found a sparkling altar of Nemelex Xobeh.
  2635 | D:3      | Reached *** piety under Lugonu
  2756 | D:3      | Noticed Regeox's ghost (amateur HOBe)
  2769 | D:3      | Killed Regeox's ghost
  2769 | D:3      | Reached skill level 4 in Long Blades
  2769 | D:3      | Gained mutation: You regenerate health from kills. [demonic ancestry]
  2769 | D:3      | Reached XP level 6. HP: 29/49 MP: 7/7
  3443 | D:4      | Found a staircase to the Ecumenical Temple.
  3452 | Temple   | Entered the Ecumenical Temple
  3780 | D:4      | Found an ancient bone altar of Kikubaaqudgha.
  3933 | D:5      | Entered Level 5 of the Dungeon
  3958 | D:5      | Gained mutation: You are mostly covered in rugged brown scales. (AC +2, +5% HP) [demonic ancestry]
  3958 | D:5      | Reached XP level 7. HP: 50/57 MP: 8/8
  4239 | D:5      | Found a sand-covered staircase.
  4247 | Ossuary  | Entered an ossuary
  4258 | Ossuary  | Reached skill level 5 in Long Blades
  4384 | Ossuary  | Reached **** piety under Lugonu
  4429 | Ossuary  | Gained mutation: You have sharp fingernails. [demonic ancestry]
  4429 | Ossuary  | Reached XP level 8. HP: 31/64 MP: 9/9
  4781 | Ossuary  | Reached skill level 5 in Fighting
  5058 | D:5      | Reached skill level 6 in Long Blades
  5373 | D:5      | Reached skill level 5 in Armour
  6159 | D:6      | Found a hide-covered altar of Uskayaw.
  6740 | D:6      | Found a shimmering altar of Xom.
  6982 | D:6      | Noticed Sigmund
  6990 | D:6      | Killed Sigmund
  7005 | D:6      | Found an opulent altar of Gozag.
  7065 | D:6      | Reached skill level 7 in Long Blades
  7065 | D:6      | Reached XP level 9. HP: 72/72 MP: 10/10
  7129 | D:7      | Reached ***** piety under Lugonu
  7248 | D:7      | Got a crude dagger
  7357 | D:7      | Found Haysesaw's Gadget Shoppe.
  7559 | D:7      | Got a shimmering mace
  7604 | D:7      | Noticed appiemonkey's ghost (novice MiFi)
  7636 | D:7      | Killed appiemonkey's ghost
  7636 | D:7      | Reached skill level 8 in Long Blades
  8813 | D:8      | Found a burning altar of Makhleb.
  8921 | D:8      | Reached skill level 1 in Shields
  8924 | D:8      | Noticed Psyche
  8967 | D:8      | Killed Psyche
  9208 | D:8      | Reached XP level 10. HP: 80/80 MP: 11/11
  9316 | D:8      | HP: 3/80 [killer bee (2)]
  9382 | D:8      | Reached skill level 9 in Long Blades
 10357 | D:9      | Found a shattered altar of Ashenzari.
 10363 | D:9      | Found a basalt altar of Yredelemnul.
 10441 | D:9      | Found a stormy altar of Qazlal.
 10739 | D:9      | Noticed a two-headed ogre
 10750 | D:9      | Killed a two-headed ogre
 11171 | D:9      | Found an iron altar of Okawaru.
 11183 | D:10     | Entered Level 10 of the Dungeon
 11222 | D:10     | Found a staircase to the Lair.
 11232 | Lair:1   | Entered Level 1 of the Lair of Beasts
 11337 | Lair:1   | Reached skill level 1 in Evocations
 11404 | Lair:1   | Noticed Joseph
 11418 | Lair:1   | Killed Joseph
 11668 | Lair:1   | Noticed a black mamba
 11686 | Lair:1   | Killed a black mamba
 11686 | Lair:1   | Reached skill level 10 in Long Blades
 11686 | Lair:1   | Reached skill level 5 in Shields
 11686 | Lair:1   | Gained mutation: A demonic guardian rushes to your aid. [demonic ancestry]
 11686 | Lair:1   | Reached XP level 11. HP: 44/88 MP: 12/12
 12288 | Lair:2   | Reached ****** piety under Lugonu
 12640 | Lair:2   | Found a staircase to the Shoals.
 13165 | Shoals:1 | Entered Level 1 of the Shoals
 13437 | Shoals:1 | Noticed a merfolk impaler
 13448 | Shoals:1 | Killed a merfolk impaler
 13718 | Shoals:1 | Noticed Kirke
 13730 | Shoals:1 | Killed Kirke
 13730 | Shoals:1 | Reached skill level 11 in Long Blades
 13828 | Shoals:1 | Noticed a merfolk impaler
 13843 | Shoals:1 | Killed a merfolk impaler
 14114 | Shoals:1 | Noticed a sea snake
 14126 | Shoals:1 | Killed a sea snake
 14126 | Shoals:1 | Reached XP level 12. HP: 71/97 MP: 13/13
 14799 | Shoals:2 | Noticed a merfolk impaler
 14828 | Shoals:2 | Killed a merfolk impaler
 15105 | Shoals:2 | Noticed a merfolk avatar
 15117 | Shoals:2 | Killed a merfolk avatar
 15153 | Shoals:2 | Identified a +7 scimitar of distortion (a +5 scimitar of protection corrupted by Lugonu)
 15153 | Shoals:2 | Received a gift from Lugonu
 15224 | Shoals:2 | Reached skill level 12 in Long Blades
 15410 | Shoals:2 | Noticed a kraken
 15598 | Shoals:2 | Banished a kraken
 15669 | Shoals:2 | Reached XP level 13. HP: 94/106 MP: 14/14
 15974 | Shoals:3 | Noticed a merfolk impaler
 16132 | Shoals:3 | Found Qoikhuith's Magic Scroll Shop.
 16170 | Shoals:3 | Bought a scroll of identify for 20 gold pieces
 16170 | Shoals:3 | Bought a scroll of enchant armour for 75 gold pieces
 16405 | Shoals:3 | Killed a merfolk impaler
 16604 | Shoals:4 | Entered Level 4 of the Shoals
 16604 | Shoals:4 | Noticed a merfolk impaler
 16619 | Shoals:4 | Killed a merfolk impaler
 16622 | Shoals:4 | Noticed Ilsuiw
 16625 | Shoals:4 | Noticed a merfolk javelineer
 16635 | Shoals:4 | Noticed a merfolk javelineer
 16636 | Shoals:4 | Reached skill level 10 in Armour
 16637 | Shoals:4 | HP: 3/106 [smoke demon collision (10)]
 16638 | Shoals:4 | Hit by a javelin thrown by a merfolk javelineer

Skill      XL: |  1  2  3  4  5  6  7  8  9 10 11 12 13 |
---------------+----------------------------------------+-----
Dodging        | 1 2 3 |  3.8
Armour         | 2 3 4 5 6 7 8 9 10 | 10.0
Long Blades    | 2 3 4 5 7 8 10 11 12 | 12.5
Stealth        | 1 2 3 |  3.9
Fighting       | 4 5 6 7 8 9 |  9.2
Shields        | 1 5 7 9 |  9.8
Evocations     | 1 |  1.1
Invocations    | |  2.5

Action                   |  1- 3 |  4- 6 |  7- 9 | 10-12 | 13-15 || total
-------------------------+-------+-------+-------+-------+-------++-------
Melee: Falchion          |   109 |   194 |       |       |       ||   303
       Long sword        |       |     7 |   438 |       |       ||   445
       Scimitar          |       |       |   291 |   874 |    70 ||  1235
Invok: Brand Weapon With |       |       |       |     1 |       ||     1
 Abil: Evoke Flight      |       |       |       |     1 |       ||     1
Evoke: Wand              |       |     1 |     2 |     1 |       ||     4
  Use: Scroll            |     2 |     1 |     8 |    17 |     4 ||    32
       Potion            |       |       |     1 |     5 |     5 ||    11
 Stab: Sleeping          |     1 |     2 |       |       |       ||     3
       Distracted        |       |     2 |     5 |     7 |       ||    14
  Eat: Chunk             |     2 |     7 |     6 |    11 |     2 ||    28
       Fruit             |       |     1 |     2 |       |     1 ||     4
       Bread ration      |       |       |     3 |     1 |       ||     4
       Meat ration       |       |       |       |     1 |       ||     1
       Royal jelly       |       |       |       |     1 |       ||     1
Armor: Leather armour    |    48 |    42 |       |       |       ||    90
       Chain mail        |       |    58 |   247 |       |       ||   305
       Plate armour      |       |       |   158 |   556 |    44 ||   758
Dodge: Dodged            |    94 |    94 |   190 |    72 |    10 ||   460
Block: Other             |       |       |    31 |       |       ||    31
       Large shield      |       |       |    99 |   935 |    78 ||  1112
       Reflection        |       |       |     4 |    21 |    10 ||    35
       Rpst.: Falchion   |    32 |    31 |       |       |       ||    63
       Long sword        |       |       |    44 |       |       ||    44
       Scimitar          |       |       |    11 |    19 |     1 ||    31
